AoeStats
← [xLERx] Eddie

Fortress

508231370Analyzed
3v3 RM · 11d ago on Sep 21, 2026· 46m 37s· 6 players
Game mode
Random Map
Map size
Large (8 player)
Population
200
Speed
Normal
Resources
Standard
Victory
Conquest
Starting age
Dark Age
Ending age
Imperial Age
RankedLock teamsTeams togetherTeam positionsShared explorationLock speedFull tech treeHidden civsTurbo modeCheats
Victory
Defeat
🇲🇹 Mongols · Malta
1080
+13
🇹🇼 Persians · Taiwan
985
+17
🇺🇸 Teutons · United States
932
+19
🇹🇼 Lithuanians · Taiwan
1029
-17
🇹🇼 Turks · Taiwan
998
-16
🇹🇼 Romans · Taiwan
998
-16
[xLERx] littleseven
0:51 Loom
6:49 Feudal Age
12:44 Castle Age
10:41 Double-Bit Axe
12:30 Horse Collar
13:20 Light Cavalry
24:57 Imperial Age
23:23 Wheelbarrow
22:56 Town Watch
23:34 Bow Saw
24:03 Scale Barding Armor
24:42 Forging
25:02 Gold Mining
26:02 Conscription
26:43 Hand Cart
26:54 Bloodlines
26:47 Husbandry
28:06 Chain Barding Armor
29:28 Iron Casting
30:04 Two-Man Saw
30:23 Plate Barding Armor
31:59 Elite Leitis
32:41 Tower Shields
32:53 Fletching
33:04 Padded Archer Armor
33:35 Heavy Plow
34:17 Bodkin Arrow
34:37 Leather Archer Armor
36:15 Hill Forts
35:38 Elite Skirmisher
36:54 Bracer
37:09 Leather Archer Armor
37:09 Scale Mail Armor
40:15 Crop Rotation
40:39 Ring Archer Armor
40:24 Chain Mail Armor
40:36 Ballistics
41:17 Thumb Ring
43:56 Chain Mail Armor
46:41 Chemistry
[xLERx] wuchen
8:38 Feudal Age
10:55 Double-Bit Axe
10:52 Horse Collar
13:44 Castle Age
17:49 Imperial Age
15:29 Gold Mining
17:56 Wheelbarrow
21:14 Padded Archer Armor
21:45 Bloodlines
23:26 Loom
24:03 Scale Barding Armor
26:50 Forging
28:51 Conscription
36:03 Chain Barding Armor
43:35 Leather Archer Armor
[xLERx] Eddie
1:22 Loom
8:46 Feudal Age
12:38 Castle Age
10:55 Double-Bit Axe
10:58 Horse Collar
14:10 Bow Saw
14:39 Bloodlines
15:47 Heavy Plow
17:45 Scale Barding Armor
20:18 Chain Barding Armor
20:55 Gold Mining
23:12 Town Watch
28:13 Imperial Age
26:10 Forging
26:01 Scale Mail Armor
25:24 Man-at-Arms
26:06 Squires
26:49 Ballistas
28:15 Long Swordsman
29:17 Comitatenses
29:17 Conscription
29:26 Legionary
31:44 Chemistry
30:41 Pikeman
32:18 Chain Mail Armor
34:07 Iron Casting
34:08 Pikeman
34:47 Halberdier
41:34 Heavy Scorpion
43:51 Wheelbarrow
Dirty Dan
0:45 Loom
6:11 Feudal Age
6:48 Double-Bit Axe
8:02 Horse Collar
11:27 Wheelbarrow
15:19 Castle Age
15:51 Stone Mining
16:25 Bow Saw
16:19 Heavy Plow
19:24 Scale Barding Armor
19:29 Squires
20:44 Stone Shaft Mining
20:12 Scale Mail Armor
22:07 Bloodlines
22:11 Town Watch
25:37 Gold Mining
26:14 Forging
26:19 Chain Mail Armor
26:27 Chain Barding Armor
26:37 Forging
29:54 Imperial Age
29:30 Iron Casting
29:56 Fletching
30:14 Cavalier
31:32 Plate Barding Armor
31:28 Plate Mail Armor
31:58 Blast Furnace
30:54 Bodkin Arrow
31:23 Conscription
32:03 Hand Cart
33:06 Guilds
34:57 Elite Teutonic Knight
36:14 Hoardings
36:56 Two-Man Saw
35:57 Heavy Plow
36:13 Careening
36:16 Fortified Wall
36:16 Masonry
36:28 Ballistics
37:09 Chemistry
36:33 Town Patrol
36:35 Arson
38:17 Paladin
40:34 Capped Ram
42:38 Ironclad
42:42 Crenellations
先打我隊友
6:55 Feudal Age
7:18 Horse Collar
7:25 Double-Bit Axe
13:18 Castle Age
16:49 Bow Saw
16:49 Gold Mining
17:51 Wheelbarrow
17:18 Heavy Plow
17:56 Stone Mining
19:58 Hand Cart
20:28 Town Watch
20:29 Loom
25:13 Imperial Age
24:02 Forging
23:58 Scale Barding Armor
24:06 Bloodlines
23:56 Husbandry
25:31 Iron Casting
24:56 Cavalier
26:30 Gold Shaft Mining
27:20 Conscription
27:43 Chain Barding Armor
30:03 Town Patrol
31:24 Blast Furnace
30:35 Savar
31:54 Pikeman
32:35 Squires
32:38 Scale Mail Armor
34:48 Plate Barding Armor
34:28 Chain Mail Armor
34:33 Citadels
35:38 Halberdier
36:05 Arson
45:29 Plate Mail Armor
Agent Tom
7:28 Feudal Age
8:53 Loom
12:06 Castle Age
12:11 Wheelbarrow
11:24 Town Watch
11:44 Double-Bit Axe
11:48 Horse Collar
15:24 Bow Saw
16:00 Heavy Plow
16:55 Gold Mining
20:10 Hand Cart
21:18 Fletching
21:29 Padded Archer Armor
22:47 Gold Shaft Mining
22:03 Stone Mining
23:39 Ballistics
29:08 Imperial Age
26:25 Crossbowman
26:28 Elite Skirmisher
27:14 Thumb Ring
27:45 Leather Archer Armor
27:45 Town Patrol
29:41 Bodkin Arrow
30:52 Conscription
30:44 Squires
30:06 Pikeman
33:14 Elite Mangudai
34:20 Scale Mail Armor
34:30 Forging
34:21 Bracer
34:35 Forging
35:45 Chain Mail Armor
39:18 Plate Mail Armor
39:24 Iron Casting
39:26 Caravan
40:58 Stone Shaft Mining
41:53 Fortified Wall
45:17 Chemistry
44:13 Murder Holes
Connection lost

Rejoining the realm…

Still unreachable

The connection could not be restored.

Session expired

The server has moved on; the page needs a fresh start.